 Dungeon Crawl Stone Soup version 0.28.0-53-g5a82cb258f (webtiles) character file.

Game seed: 13513771547333808571

63343 funkygono the Blocker (level 14, -10/125 HPs)
             Began as a Minotaur Berserker on June 27, 2022.
             Was an Elder of Trog.
             Mangled by a tyrant leech (23 damage)
             ... on level 6 of the Lair of Beasts on June 28, 2022.
             The game lasted 00:40:40 (19737 turns).

funkygono the Blocker (Minotaur Berserker)         Turns: 19737, Time: 00:40:41

Health: -10/125    AC: 17    Str: 29    XL:     14   Next: 67%
Magic:  14/14      EV: 12    Int:  4    God:    Trog [****..]
Gold:   679        SH: 18    Dex: 11    Spells: 13/13 levels left

rFire   . . .      SeeInvis .   v - +2 flail (venom)
rCold   + . .      Faith    .   w - +1 tower shield
rNeg    + . .      Spirit   .   y - +4 ring mail
rPois   .          Reflect  .   (helmet restricted)
rElec   .          Harm     .   q - +2 cloak
rCorr   .          Rampage  .   (no gloves)
Will    +....                   G - +1 pair of boots
Stlth   ++........              j - amulet of the acrobat
HPRegen 0.30/turn               O - ring "Geluf" {+Blink Fly rC+ Str+3 Stlth+}
MPRegen 0.14/turn               F - ring "Ruqoe" {rN+ Slay+2}

@: lethally poisoned (-10 -> -21), flying, slowed, very slow
A: horns 2, retaliatory headbutt
a: Renounce Religion, Evoke Blink, Berserk, Trog's Hand, Brothers in Arms


You were on level 6 of the Lair of Beasts.
You worshipped Trog.
Trog was greatly pleased with you.
You visited 2 branches of the dungeon, and saw 17 of its levels.
You also visited: Bailey and Ice Cave.

You collected 1549 gold pieces.
You spent 870 gold pieces at shops.

Inventory:

Hand Weapons
 a - a +5 spectral falchion
 f - the +11 plutonium sword {Contam Stlth-}
   (You acquired it on level 5 of the Dungeon)

   It occasionally inflicts wild transmutation effects on those it strikes,
   inflicting malmutation or extra damage, or polymorphing them into a new form.
   Contam:    It causes magical contamination when unequipped.
   Stlth:     It makes you less stealthy.
 v - a +2 flail of venom (weapon)
 L - the +6 hand axe "Gojeff" {elec, Will+ MP+9 Str+4}
   (You took it off a centaur on level 7 of the Dungeon)

   It occasionally discharges a powerful burst of electricity upon striking a
   foe.
   Str:       It affects your strength (+4).
   MP:        It affects your magic capacity (+9).
   Will:      It increases your willpower.
Missiles
 i - 8 javelins (quivered)
 H - 117 bolts
Armour
 o - a +0 plate armour
 p - an orb of mayhem
 q - a +2 cloak (worn)
 w - a +1 tower shield (worn)
 y - a +4 ring mail (worn)
 G - a +1 pair of boots (worn)
 N - +0 acid dragon scales
Jewellery
 e - a +6 ring of strength
 j - an amulet of the acrobat (around neck)
 F - the ring "Ruqoe" (right hand) {rN+ Slay+2}
   (You found it in an ice cave)

   [ring of positive energy]

   Slay:      It affects your accuracy & damage with ranged weapons and melee
   (+2).
   rN:        It protects you from negative energy.
 O - the ring "Geluf" (left hand) {+Blink Fly rC+ Str+3 Stlth+}
   (You acquired it on level 9 of the Dungeon)

   [ring of flight]

   Str:       It affects your strength (+3).
   rC:        It protects you from cold.
   Fly:       It grants you flight.
   +Blink:    It lets you blink.
   Stlth:     It makes you more stealthy.
 Y - a +4 ring of protection
Wands
 b - a wand of flame (16)
 c - a wand of charming (3)
 k - a wand of paralysis (16)
 J - a wand of mindburst (25)
 K - a wand of digging (10)
 V - a wand of iceblast (18)
Scrolls
 g - 3 scrolls of fear
 l - 2 scrolls of identify
 t - 10 scrolls of teleportation
 z - 3 scrolls of holy word
 I - a scroll of silence
 S - 3 scrolls of blinking
Potions
 d - 3 potions of berserk rage
 h - 4 potions of haste
 s - 2 potions of heal wounds
 u - 6 potions of curing
 A - 3 potions of invisibility
 B - 4 potions of might
 M - a potion of cancellation
 Q - 2 potions of mutation
Miscellaneous
 W - a condenser vane (inert)


   Skills:
 + Level 11.8 Fighting
 + Level 12.2 Long Blades
 + Level 13.3(13.6) Axes
 + Level 4.2(9.6) Maces & Flails
 + Level 2.0 Crossbows
 + Level 11.9 Armour
 + Level 8.9 Dodging
 + Level 3.0 Stealth
 + Level 14.5 Shields
 + Level 1.8 Invocations
 + Level 1.7 Evocations


You had 13 spell levels left.
You didn't know any spells.
Your spell library was empty.

Dungeon Overview and Level Annotations

Branches:
Dungeon (11/15)            Temple (0/1) D:7            Lair (6/6) D:11
 Shoals (0/4) Lair:3       Spider (0/4) Lair:3          Orc (0/2) D:11
 Bailey (visited)           IceCv (visited)
  Slime: Lair:5-6

Altars:
Ashenzari
Dithmenos
Hepliaklqana
Kikubaaqudgha
Makhleb
Okawaru
Ru
Trog
Uskayaw
Jiyva

Shops:
D:9 ?   D:10 (

Annotations:
D:8 1 runed translucent door
Lair:6 Sonja


Innate Abilities, Weirdness & Mutations

You have a pair of horns on your head.
You reflexively headbutt those who attack you in melee.


Message History

The tyrant leech is almost dead.
The +6 hand axe "Gojeff" {elec, Will+ MP+9 Str+4} stops crackling.
Your +2 flail of venom begins to drip with poison!
v - a +2 flail of venom (weapon)
You feel sick. The tyrant leech barely misses you.
A cane toad comes into view.
Unknown command.
You bludgeon the eight-headed hydra!!
The eight-headed hydra is moderately wounded.
You feel sick.
Sonja gestures wildly while chanting.
Sonja blinks!
You block the eight-headed hydra's attack. x2
The eight-headed hydra barely misses you.
The eight-headed hydra bites you. x2
The eight-headed hydra barely misses you.
You block the eight-headed hydra's attack.
The eight-headed hydra bites you but does no damage.
Sonja throws a curare-tipped dart.
The curare-tipped dart hits you.
You are more poisoned.
You have difficulty breathing.
You feel yourself slow down. The tyrant leech bites you!
* * * LOW HITPOINT WARNING * * *
The tyrant leech draws strength from your injuries!
You sock the eight-headed hydra!
The eight-headed hydra is moderately wounded.
You feel extremely sick.
Sonja gestures wildly while chanting.
Sonja blinks!
The eight-headed hydra bites you.
* * * LOW HITPOINT WARNING * * *
The eight-headed hydra barely misses you.
You block the eight-headed hydra's attack.
The eight-headed hydra misses you.
You block the eight-headed hydra's attack.
The eight-headed hydra bites you but does no damage.
The eight-headed hydra bites you.
* * * LOW HITPOINT WARNING * * *
The eight-headed hydra bites you but does no damage.
The tyrant leech bites you!!
You die...

#≈≈≈≈≈≈≈≈≈≈≈ ≈≈≈≈≈≈≈≈§≈≈ ≈≈
#.≈.≈≈≈≈≈≈ ≈≈≈≈##≈≈≈.≈≈≈#
≈≈≈≈#≈≈≈F≈≈≈≈# .≈.≈ ≈≈≈#≈==P≈≈≈≈#
≈≈.....
#..≈#####≈≈≈($Dw≈≈#####≈≈≈≈...#
#.≈≈≈≈##≈≈P≈[[@≈§≈≈≈##≈≈≈..≈..P
.##..≈≈≈≈#≈≈.P≈(!≈#≈≈≈≈#≈≈≈P.P...
.....≈≈≈≈#≈≈≈.≈≈≈≈# ≈≈≈≈≈≈....P..
......≈≈.≈≈≈≈..≈≈## ≈≈P≈≈≈......#
.....≈≈≈≈≈≈≈≈≈≈≈.## ≈≈≈≈≈≈......#
#.!...≈≈≈≈≈≈≈≈≈≈≈≈# ≈≈≈≈PP.......
###.P.≈††≈≈≈≈≈≈≈≈## ≈PP≈≈.≈.....#
# ##.≈≈≈≈≈≈≈≈P≈≈≈≈# .≈≈≈≈.P.#.###
# #.≈≈≈†≈≈≈≈≈≈≈≈≈# .≈≈P..≈...###


You could see an eight-headed hydra, a tyrant leech and a cane toad.

Vanquished Creatures
  An ice dragon (IceCv)
  2 vault guards (Bailey)
  3 hydras
  2 boulder beetles
  A centaur warrior (D:9)
  2 catoblepae
  A two-headed ogre (D:10)
  6 death yaks (D:10)
  An ugly thing (D:11)
  2 black mambas (Lair:5)
  2 ice statues (IceCv)
  3 elephants (Lair:4)
  Maggie (D:7)
  19 cane toads
  A gargoyle (D:5)
  A kobold demonologist (D:11)
  2 unseen horrors (D:10)
  Psyche (D:11)
  7 komodo dragons
  8 rime drakes
  15 blink frogs
  A troll (D:9)
  2 tyrant leeches (Lair:6)
  4 polar bears
  Prince Ribbit (Bailey)
  11 dream sheep (Lair:4)
  A shadow (D:8)
  2 spriggans (Lair:4)
  5 wraiths
  3 wyverns
  3 humans (Bailey)
  25 yaks
  A basilisk (Lair:3)
  Eustachio (D:5)
  A fire bat (D:8)
  A steam dragon (D:10)
  9 vampire mosquitoes
  9 water moccasins
  6 orc warriors
  Duvessa (D:6)
  3 black bears
  A necrophage (D:8)
  5 centaurs
  17 wolves
  An ogre (D:5)
  2 phantoms
  A kobold brigand (D:8)
  26 bullfrogs
  A wyvern zombie (D:6)
  2 gnoll sergeants (D:9)
  9 scorpions
  2 water moccasin skeletons
  Dowan (D:6)
  5 killer bees (D:9)
  3 lindwurm simulacra (IceCv)
  3 wights (D:8)
  7 howler monkeys
  7 centaur zombies
  5 komodo dragon simulacra (IceCv)
  5 jellies
  7 orc priests
  A centaur skeleton (D:4)
  2 hounds
  5 iguanas
  9 orc wizards
  A hound skeleton (D:4)
  A howler monkey zombie (D:9)
  7 acid dragon simulacra (IceCv)
  13 gnolls
  4 adders
  A white imp (D:5)
  An ufetubus (D:4)
  6 steam dragon simulacra (IceCv)
  An adder skeleton (D:4)
  A worm (D:4)
  2 dart slugs
  41 orcs
  6 endoplasms
  4 giant cockroaches
  12 goblins
  10 hobgoblins
  3 jackals (D:1)
  3 quokkas
  10 ball pythons
  12 bats
  6 frilled lizards
  9 kobolds
  2 rats
454 creatures vanquished.

Vanquished Creatures (others)
  An orc wizard (D:7)
  2 bushes (Lair:6)
  27 fungi
  80 plants
110 creatures vanquished.

Grand Total: 564 creatures vanquished

Notes
Turn   | Place    | Note
-------+----------+-------------------------------------------
     0 | D:1      | funkygono the Minotaur Berserker began the quest for the
                  | Orb.
     0 | D:1      | Reached XP level 1. HP: 19/19 MP: 0/0
   440 | D:1      | Reached XP level 2. HP: 20/27 MP: 1/1
   867 | D:1      | Found a faded altar of an unknown god.
   945 | D:1      | Reached XP level 3. HP: 33/33 MP: 2/2
  1438 | D:2      | Reached ** piety under Trog
  2057 | D:3      | Reached XP level 4. HP: 41/41 MP: 3/3
  2731 | D:4      | Reached skill level 5 in Long Blades
  2840 | D:4      | Noticed a scorpion
  2846 | D:4      | Killed a scorpion
  2847 | D:4      | Reached XP level 5. HP: 47/47 MP: 4/4
  3191 | D:4      | Noticed a phantom
  3204 | D:4      | Killed a phantom
  3205 | D:4      | Reached XP level 6. HP: 47/55 MP: 5/5
  3357 | D:4      | Reached skill level 5 in Fighting
  3647 | D:5      | Entered Level 5 of the Dungeon
  3670 | D:5      | Noticed a gargoyle
  3684 | D:5      | Killed a gargoyle
  3685 | D:5      | Reached skill level 5 in Armour
  3685 | D:5      | Reached XP level 7. HP: 61/61 MP: 6/6
  3886 | D:5      | Found a hazy altar of Hepliaklqana.
  3899 | D:5      | Found a hide-covered altar of Uskayaw.
  4360 | D:5      | Noticed Eustachio
  4373 | D:5      | Reached XP level 8. HP: 68/70 MP: 7/7
  4573 | D:5      | Killed Eustachio
  4613 | D:5      | Identified a scroll of acquirement
  4613 | D:5      | Acquired the +11 plutonium sword {Contam Stlth-}
  4613 | D:5      | Found the +11 plutonium sword {Contam Stlth-}
  4772 | D:6      | Reached skill level 1 in Stealth
  4834 | D:6      | Noticed Dowan
  4838 | D:6      | Noticed Duvessa
  4847 | D:6      | Killed Dowan
  4848 | D:6      | Reached skill level 10 in Long Blades
  4916 | D:6      | Killed Duvessa
  5082 | D:6      | Found a broken altar of Ashenzari.
  5539 | D:7      | Noticed Maggie
  5553 | D:7      | Killed Maggie
  5554 | D:7      | Reached skill level 1 in Shields
  5554 | D:7      | Reached XP level 9. HP: 70/79 MP: 8/8
  5736 | D:7      | Found a flagged portal.
  5753 | D:7      | Identified the +6 hand axe "Gojeff" {elec, Will+ MP+9
                  | Str+4}
  5763 | D:7      | Reached skill level 2 in Shields
  5769 | D:7      | Reached *** piety under Trog
  5792 | D:7      | Reached skill level 3 in Shields
  5852 | Bailey   | Entered a bailey
  6166 | Bailey   | Reached skill level 4 in Shields
  6489 | Bailey   | Reached skill level 5 in Shields
  6593 | Bailey   | Noticed Prince Ribbit
  6593 | Bailey   | Noticed a vault guard
  6616 | Bailey   | Killed Prince Ribbit
  6617 | Bailey   | Reached XP level 10. HP: 82/88 MP: 9/9
  6638 | Bailey   | Killed a vault guard
  6639 | Bailey   | Reached skill level 6 in Shields
  6767 | Bailey   | Noticed a vault guard
  6779 | Bailey   | Killed a vault guard
  7011 | D:7      | Found a staircase to the Ecumenical Temple.
  7282 | D:7      | Identified the +3 scale mail of Lejisk {+Inv rElec Str-5
                  | Slay-2}
  7718 | D:8      | Reached skill level 1 in Axes
  7905 | D:8      | Found a viscous altar of Jiyva.
  7919 | D:8      | Reached skill level 5 in Dodging
  7920 | D:8      | Reached skill level 7 in Shields
  8078 | D:8      | Found a bloodstained altar of Trog.
  8453 | D:8      | Found a runed translucent door.
  8461 | D:8      | Found a burning altar of Makhleb.
  8470 | D:8      | Found a burning altar of Makhleb.
  8480 | D:8      | Found a shadowy altar of Dithmenos.
  8485 | D:8      | Found an iron altar of Okawaru.
  8653 | D:8      | Found a hide-covered altar of Uskayaw.
  8664 | D:8      | Found a shadowy altar of Dithmenos.
  8686 | D:8      | Reached skill level 10 in Armour
  9067 | D:8      | Noticed a flayed ghost
  9240 | D:9      | Found an iron altar of Okawaru.
  9268 | D:9      | Found Kiekoshe's Magic Scroll Shoppe.
  9300 | D:9      | Noticed a centaur warrior
  9307 | D:9      | Reached skill level 8 in Shields
  9308 | D:9      | Killed a centaur warrior
  9309 | D:9      | Reached XP level 11. HP: 95/95 MP: 10/10
  9313 | D:9      | Reached skill level 5 in Axes
  9704 | D:10     | Entered Level 10 of the Dungeon
  9767 | D:10     | Found Juatt's Weapon Emporium.
  9796 | D:10     | Noticed a two-headed ogre
  9808 | D:10     | Killed a two-headed ogre
 10170 | D:10     | Reached skill level 9 in Shields
 10221 | D:10     | Found a sacrificial altar of Ru.
 10464 | D:11     | Noticed a death yak
 10464 | D:11     | Noticed a death yak
 10464 | D:11     | Noticed a death yak
 10464 | D:11     | Noticed a death yak
 10464 | D:11     | Found a staircase to the Lair.
 10466 | D:11     | Noticed a death yak
 10468 | D:11     | Noticed a death yak
 10478 | D:10     | Killed a death yak
 10481 | D:10     | Killed a death yak
 10729 | D:10     | Killed a death yak
 10735 | D:10     | Killed a death yak
 10736 | D:10     | Killed a death yak
 10743 | D:10     | Killed a death yak
 10936 | D:11     | Noticed a boulder beetle
 10949 | D:11     | Killed a boulder beetle
 10950 | D:11     | Reached skill level 10 in Shields
 11129 | D:11     | Noticed a green ugly thing
 11135 | D:11     | Killed a green ugly thing
 11147 | D:11     | Noticed Psyche
 11158 | D:11     | Killed Psyche
 11349 | D:11     | Reached **** piety under Trog
 11355 | D:11     | Reached XP level 12. HP: 100/106 MP: 11/11
 11638 | D:11     | Reached skill level 1 in Maces & Flails
 11758 | D:11     | Found a broken altar of Ashenzari.
 11771 | D:11     | Reached skill level 10 in Fighting
 11852 | D:11     | Found a staircase to the Orcish Mines.
 12054 | Lair:1   | Entered Level 1 of the Lair of Beasts
 12259 | Lair:1   | Noticed an eight-headed hydra
 12271 | Lair:1   | Killed a 14-headed hydra
 12802 | Lair:1   | Reached skill level 11 in Shields
 12819 | Lair:1   | Reached skill level 10 in Axes
 13808 | Lair:2   | Noticed a catoblepas
 13818 | Lair:2   | Killed a catoblepas
 14319 | Lair:2   | Reached skill level 12 in Shields
 14319 | Lair:2   | Reached skill level 1 in Invocations
 14319 | Lair:2   | Reached skill level 1 in Evocations
 14319 | Lair:2   | Reached XP level 13. HP: 116/116 MP: 13/13
 14360 | Lair:3   | Found a staircase to the Shoals.
 14601 | Lair:3   | Found an ancient bone altar of Kikubaaqudgha.
 14823 | Lair:3   | Found a hole to the Spider Nest.
 15496 | Lair:4   | Reached ***** piety under Trog
 15586 | Lair:4   | Reached XP level 14. HP: 110/124 MP: 14/14
 15697 | Lair:4   | Found a frozen archway.
 15707 | IceCv    | Entered an ice cave
 15824 | IceCv    | Identified the +4 glaive "Girilis" {freeze, Str+4}
 16154 | IceCv    | HP: 2/124 [ice statue/bolt of cold (23)]
 16158 | IceCv    | Reached skill level 13 in Shields
 16581 | IceCv    | Received a gift from Trog
 16822 | IceCv    | Identified the ring "Ruqoe" {rN+ Slay+2}
 18741 | D:9      | Bought a scroll of acquirement for 676 gold pieces
 18741 | D:9      | Bought a scroll of enchant weapon for 97 gold pieces
 18741 | D:9      | Bought a scroll of enchant armour for 97 gold pieces
 18742 | D:9      | Acquired the ring "Geluf" {+Blink Fly rC+ Str+3 Stlth+}
 18880 | Lair:6   | Entered Level 6 of the Lair of Beasts
 18898 | Lair:6   | Reached skill level 14 in Shields
 19723 | Lair:6   | Noticed Sonja
 19737 | Lair:6   | Mangled by a tyrant leech

Illustrated notes

Levels and vault maps discovered:
D:1:      nzn_arrival_settlement, layout_basic,
          hellmonk_ecumenical_altar_crossroads, chequers_serial_rivers_room_b,
          minmay_misc_feat_tiny
D:2:      layout_basic, kennysheep_flooded_box, nrook_mini_backslash,
          ebering_dispersal_statue_hall, minmay_misc_feat_alley
D:3:      layout_basic
D:4:      layout_loops_ring
D:5:      layout_layer_cave, mainiacjoe_overflow_big_doors, uniq_eustachio
D:6:      layout_loops_ring, amcnicky_altar_gilded, uniq_duvessa
D:7:      layout_loops_cross, minmay_temple_entry_statues_fountains,
          enter_bailey_2, uniq_maggie
D:8:      due_megacathedral, layout_cave_pods,
          mainiacjoe_overflow_cross_hatched, amcnicky_mini_pool_small,
          jiyva_altar_1
D:9:      layout_rooms, mainiacjoe_overflow_brackets, serial_shops,
          nicolae_shop_trees
D:10:     layout_rooms, nicolae_ru_awakened_eye, serial_shops,
          nicolae_shop_bloodbath_and_beyond
D:11:     layout_roguey, dpeg_lair_monsters, hiddenorc1_lemuel,
          ashenzari_conservatory_becter, uniq_psyche
Lair:1:   layout_cave_pods
Lair:2:   layout_gridlike
Lair:3:   layout_roguey, minmay_shoals_entry_centaurs,
          nicolae_spider_entry_non_spiders, basic_altar
Lair:4:   layout_roguey, portal_ice_cave_entry_pillars_2, forest_entry_grove
Lair:5:   layout_roguey, beast_lair_carwin_6, grunt_megastairs_5
Lair:6:   minmay_lair_end_frog_pond, layout_loops_ring,
          dpeg_slime_entry_enclosed_altar, minivault_23, uniq_sonja

Skill      XL: |  1  2  3  4  5  6  7  8  9 10 11 12 13 14 |
---------------+-------------------------------------------+-----
Fighting       | 4 5 7 8 9 11 | 11.8
Long Blades    | 4 5 6 7 8 10 11 12 | 12.2
Armour         | 3 4 5 7 9 10 11 | 11.9
Dodging        | 3 4 5 6 7 8 |  8.9
Stealth        | 1 2 3 |  3.0
Shields        | 1 5 8 10 12 14 | 14.5
Axes           | 4 9 11 13 | 13.3
Maces & Flails | 2 4 |  4.2
Crossbows      | 2 |  2.0
Invocations    | 1 |  1.8
Evocations     | 1 |  1.7

Action                   |  1- 3 |  4- 6 |  7- 9 | 10-12 | 13-15 || total
-------------------------+-------+-------+-------+-------+-------++-------
Melee: Falchion          |    98 |    72 |   332 |    38 |       ||   540
       Headbutt          |    16 |    12 |    58 |    92 |   111 ||   289
       Punch             |     2 |       |     2 |       |       ||     4
       Hand axe          |       |       |       |   402 |   410 ||   812
       Flail             |       |       |       |     7 |    38 ||    45
Invok: Berserk           |     1 |     2 |     8 |     8 |     3 ||    22
       Trog's Hand       |       |       |     7 |    12 |     6 ||    25
Evoke: Wand              |       |       |       |     3 |     1 ||     4
       Condenser vane    |       |       |       |       |     1 ||     1
  Use: Scroll            |     1 |     8 |     5 |    17 |     7 ||    38
       Potion            |       |       |       |     1 |       ||     1
Armor: Animal skin       |     6 |       |       |       |       ||     6
       Ring mail         |    14 |       |    10 |   164 |   119 ||   307
       Chain mail        |    22 |    30 |   170 |       |       ||   222
Dodge: Dodged            |    60 |    42 |   118 |   143 |   169 ||   532
Block: Tower shield      |       |       |   168 |   376 |   413 ||   957
